 Dungeon Crawl Stone Soup version 0.21-a0-578-gc6e9d75 (webtiles) character file.

260 polly the Cudgeler (level 5, -1/42 HPs)
             Began as a Demonspawn Berserker on Dec 18, 2017.
             Was a Believer of Trog.
             Slain by a river rat (3 damage)
             ... on level 3 of the Dungeon.
             The game lasted 00:02:18 (1980 turns).

polly the Cudgeler (Demonspawn Berserker)           Turns: 1980, Time: 00:02:19

Health: -1/42      AC:  9    Str: 17    XL:     5   Next: 95%
Magic:  5/5        EV:  8    Int:  8    God:    Trog [**....]
Gold:   116        SH:  0    Dex: 14    Spells: 4/4 levels left

rFire    . . .     SeeInvis .   a - +0 mace
rCold    . . .     Gourm    .   (no shield)
rNeg     . . .     Faith    .   e - +0 chain mail
rPois    .         Spirit   .   (no helmet)
rElec    .         Reflect  .   (no cloak)
rCorr    .         Harm     .   (no gloves)
MR       .....                  (no boots)
Stlth    ..........             (no amulet)
HPRegen  0.14/turn              (no ring)
MPRegen  0.09/turn              (no ring)

@: berserk cooldown, slowed, very slow
A: talons 2
a: Berserk, Trog's Hand, Burn Spellbooks, Renounce Religion


You were on level 3 of the Dungeon.
You worshipped Trog.
Trog was pleased with you.
You were not hungry.

You visited 1 branch of the dungeon, and saw 4 of its levels.

You collected 116 gold pieces.

Inventory:

Hand Weapons
 a - a +0 mace (weapon)
Armour
 e - a +0 chain mail (worn)
Jewellery
 k - an uncursed ring of flight {unknown}
Scrolls
 b - a scroll of enchant armour {unknown}
 d - 4 scrolls of remove curse {unknown}
 f - 5 scrolls of identify {unknown}
 g - 2 scrolls of immolation {unknown}
Potions
 h - a potion of cancellation {unknown}
 i - a potion of might {unknown}
 j - a potion of curing {unknown}
Comestibles
 c - 5 rations


   Skills:
 + Level 3.9 Fighting
 + Level 4.0 Maces & Flails
 + Level 3.7 Armour
 + Level 2.6 Dodging


You had 4 spell levels left.
You didn't know any spells.

Dungeon Overview and Level Annotations

Branches:
Dungeon (4/15)
 Temple: D:4-7

Altars:
Ashenzari
Kikubaaqudgha

Annotations:
D:4 Munq's ghost, novice HOFi


Innate Abilities, Weirdness & Mutations

You have razor-sharp toenails.


Message History

You are exhausted.
You feel yourself slow down.
Items here: ))) [ a hand axe; a dagger; a short sword; a leather armour
k - a large iron ring
Items here: ))) [ a hand axe; a dagger; a short sword; a leather armour You hear the rusting of a drain nearby.
Items here: )) [[ † a dagger; a robe; a hand axe; a leather armour; an orc corpse A river rat comes into view.
The river rat bites you!
* * * LOW HITPOINT WARNING * * *
There is a stone staircase leading up here.
You barely miss the river rat. The river rat barely misses you.
Your chain mail prevents you from hitting the river rat.
You claw the river rat, but do no damage.
The river rat twitches its whiskers.
The river rat barely misses you. The river rat bites you.
You die...

.####..# #.#
.####..###.#
...........#
.####.####.#
.##.....##.#
.#.......#)##
.#.......#))# # ≈
....._......######.#..≈≈
.#.......#......@r....≈≈
.#.......#.#######.....≈
##.....##.# #....
###.####.# ... .... ..#
. ###. #.# ..# #.#


You could see a river rat.

Vanquished Creatures
  A jelly (D:2)
  2 orc priests (D:3)
  A hound (D:3)
  An orc wizard (D:3)
  5 adders (D:2)
  An ooze (D:2)
  2 worms
  4 dart slugs
  2 orcs (D:3)
  2 ball pythons (D:1)
  3 bats (D:1)
  A giant cockroach (D:2)
  6 goblins
  8 hobgoblins
  6 kobolds
  3 quokkas (D:2)
  3 frilled lizards (D:2)
  4 rats
55 creatures vanquished.

Notes
Turn   | Place    | Note
-------+----------+-------------------------------------------
     0 | D:1      | polly the Demonspawn Berserker began the quest for the Orb.
     0 | D:1      | Reached XP level 1. HP: 18/18 MP: 1/1
   239 | D:1      | Gained mutation: You have sharp toenails. [demonic ancestry]
   239 | D:1      | Reached XP level 2. HP: 24/24 MP: 2/2
   293 | D:1      | Reached skill level 3 in Maces & Flails
   926 | D:2      | Reached ** piety under Trog
   926 | D:2      | Reached XP level 3. HP: 22/29 MP: 3/3
  1068 | D:2      | Gained mutation: You have razor-sharp toenails. [demonic ancestry]
  1068 | D:2      | Reached XP level 4. HP: 8/37 MP: 4/4
  1731 | D:2      | You fall through a shaft for 2 floors!
  1765 | D:4      | Noticed Munq's ghost (novice HOFi)
  1804 | D:3      | Found a shattered altar of Ashenzari.
  1868 | D:3      | Reached XP level 5. HP: 22/42 MP: 5/5
  1928 | D:3      | Found an ancient bone altar of Kikubaaqudgha.
  1955 | D:3      | Reached skill level 4 in Maces & Flails
  1978 | D:3      | HP: 1/42 [river rat (7)]
  1980 | D:3      | Slain by a river rat

Vault maps used:
D:1:      erik_arrival_cave_to_civilisation, minmay_shallow_snake_nest
D:2:      first_ration, hangedman_decor_opposing, minmay_misc_feat_four_crosses,
          kennysheep_nub
D:3:      nicolae_ashenzari_panopticon, old_standard_altar,
          portal_sewer_entry_a, minmay_joined_circles, uniq_grinder
D:4:      lemuel_crystal_altar, dk_vineyard_1

Skill      XL: |  1  2  3  4  5 |
---------------+----------------+-----
Maces & Flails | 3 4 |  4.0
Armour         | 2 3 |  3.7
Dodging        | 2 |  2.6
Fighting       | |  3.9

Action                   |  1- 3 |  4- 6 || total
-------------------------+-------+-------++-------
Melee: Mace              |    88 |    94 ||   182
       Kick              |    14 |    28 ||    42
Invok: Berserk           |       |     1 ||     1
  Eat: Chunk             |       |     2 ||     2
       Ration            |       |     1 ||     1
Armor: Chain mail        |    65 |    64 ||   129
Dodge: Dodged            |    36 |    57 ||    93

Table legend:
 A = Spawn XP
 B = Non-spawn XP
 C = Spawn XP percentage of total XP
 D = Spawn monster count
 E = Non-spawn monster count
 F = Spawn count percentage of total count
 G = Total turns spent on level
                    A         B        C        D         E        F      G
               +---------+---------+-------+---------+---------+-------+---------
         Total |       0 |     372 |   0.0 |       0 |      55 |   0.0 |  1980
               +---------+---------+-------+---------+---------+-------+---------
           D:1 |       0 |      31 |   0.0 |       0 |      17 |   0.0 |   902
           D:2 |       0 |     162 |   0.0 |       0 |      29 |   0.0 |   829
           D:3 |       0 |     179 |   0.0 |       0 |       9 |   0.0 |   206
               +---------+---------+-------+---------+---------+-------+---------
